 Dungeon Crawl Stone Soup version 0.17-a0-1746-g6987275 (webtiles) character file.

181162 Leibowitz the Executioner (level 17, -2/160 HPs)
             Began as a Minotaur Berserker on Aug 27, 2015.
             Was the Champion of Trog.
             Killed from afar by Louise (32 damage)
             ... with a bolt of lightning
             ... on level 14 of the Dungeon on Sept 1, 2015.
             The game lasted 02:29:50 (32426 turns).

Leibowitz the Executioner (Minotaur Berserker)     Turns: 32426, Time: 02:29:50

Health: -2/160     AC: 29    Str: 29    XL:     17   Next: 66%
Magic:  16/16      EV: 14    Int:  8    God:    Trog [******]
Gold:   3606       SH:  0    Dex: 10    Spells: 0 memorised, 16 levels left

rFire  . . .     SeeInvis .     a - +6 executioner's axe (chop)
rCold  . . .     Clarity  .     l - +4 chain mail {rPois}
rNeg   + . .     SustAt   .     (no shield)
rPois  +         Gourm    .     (helmet restricted)
rElec  .         Spirit   .     z - +1 cloak
rCorr  .         Warding  .     q - +2 pair of gloves
rMut   .         Stasis   .     d - +0 pair of boots
MR     +....                    G - amulet of faith
Stlth  ..........               Y - +4 ring of protection
                                T - ring of the Forgotten Spirits {rN+ Dex+2 Stlth-}

@: somewhat resistant to hostile enchantments, extremely unstealthy
A: retaliatory headbutt, horns 2, camouflage 1, clever 2, clumsy 1, mutation
resistance 1
a: Burn Spellbooks, Berserk, Trog's Hand, Brothers in Arms, Renounce Religion


You were on level 14 of the Dungeon.
You worshipped Trog.
Trog was exalted by your worship.
You were hungry.

You visited 6 branches of the dungeon, and saw 29 of its levels.
You visited the Abyss 1 time.
You also visited: Ossuary, Ice Cave and Volcano.

You collected 3726 gold pieces.
You spent 120 gold pieces at shops.

Inventory:

Hand weapons
 a - a +6 executioner's axe of chopping (weapon)
 k - the +5 battleaxe "Useidegi" {flame, rF+++ rC- Int+4 Dex+2}
   (Trog gifted it to you on level 4 of the Orcish Mines)

   It has been specially enchanted to burn those struck by it, causing extra
   injury to most foes and up to half again as much damage against particularly
   susceptible opponents.
   Big, fiery blades are also staple armaments of hydra-hunters.
   It affects your intelligence (+4).
   It affects your dexterity (+2).
   It renders you almost immune to fire.
   It makes you vulnerable to cold.
 M - the +12 broad axe "Seneesume" {vamp, Int+2}
   (Trog gifted it to you on level 10 of the Dungeon)

   It inflicts no extra harm, but heals its wielder somewhat when it strikes a
   living foe.
   It affects your intelligence (+2).
Missiles
 H - 2 throwing nets (quivered)
Armour
 d - a +0 pair of boots (worn)
 l - a +4 chain mail of poison resistance (worn)
 q - a +2 pair of gloves (worn)
 z - a +1 cloak (worn)
 E - a +0 shield of protection
Jewellery
 s - an uncursed ring of teleportation
 x - an uncursed amulet of stasis
 y - an uncursed ring of positive energy
 B - an uncursed amulet of resist corrosion
 G - an amulet of faith (around neck)
 I - an uncursed ring of see invisible
 J - an uncursed ring of sustain attributes
 P - an uncursed ring of protection from cold
 T - the ring of the Forgotten Spirits (left hand) {rN+ Dex+2 Stlth-}
   (You found it on level 13 of the Dungeon)

   [ring of loudness]

   It affects your dexterity (+2).
   It protects you from negative energy.
   It makes you less stealthy.
 U - an uncursed ring of protection from fire
 Y - a +4 ring of protection (right hand)
Magical devices
 b - a wand of digging (1)
 A - a wand of disintegration (11)
 N - a wand of cold (8)
 R - a wand of teleportation (2)
 X - a wand of paralysis (15)
Scrolls
 c - a scroll of acquirement
 e - 12 scrolls of remove curse
 f - 6 scrolls of fear
 h - 19 scrolls of identify
 i - 6 scrolls of magic mapping
 j - a scroll of recharging
 m - a scroll of torment {unknown}
 n - a scroll of enchant armour
 o - 2 scrolls of fog
 p - 9 scrolls of teleportation
 u - a scroll of holy word
 v - 8 scrolls of blinking
 w - a scroll of silence
 S - a scroll of brand weapon
Potions
 g - 2 potions of invisibility
 r - 3 potions of haste
 t - 2 potions of agility
 K - 12 potions of curing
 L - 2 potions of brilliance
 W - 3 potions of flight
Miscellaneous
 O - a phantom mirror
Comestibles
 C - a beef jerky
 D - a meat ration
 Q - a chunk of flesh


   Skills:
 + Level 16.8 Fighting
 * Level 24.4 Axes
   Level 2.6(17.0) Polearms
 * Level 15.5 Armour
 * Level 11.6 Dodging
 + Level 3.0 Stealth
 + Level 6.6 Shields
 + Level 0.1 Evocations


You had 16 spell levels left.
You didn't know any spells.

Dungeon Overview and Level Annotations

Branches:
Dungeon (14/15)            Temple (1/1) D:6            Lair (8/8) D:10
  Swamp (0/4) Lair:5        Snake (1/4) Lair:6        Slime (0/6) Lair:6
    Orc (4/4) D:11            Elf (1/3) Orc:3        Vaults (0/5) D:14

Altars:
Ashenzari
Cheibriados
Dithmenos
Elyvilon
Fedhas
Gozag
Kikubaaqudgha
Makhleb
Nemelex Xobeh
Okawaru
Qazlal
Ru
Sif Muna
Trog
Vehumet
Xom
Yredelemnul
Zin
The Shining One
Beogh

Shops:
D:14 :   Orc:1 %   Orc:3 *   Orc:4 !*:=

Portals:
Trove: D:13 (give 18 potions of curing)

Annotations:
D:14 Louise
Lair:6 exclusion: 4 oklob plants


Innate Abilities, Weirdness & Mutations

You reflexively headbutt those who attack you in melee.
You have a pair of horns on your head.
Your skin changes colour to match your surroundings (Stealth).
Your mind is very acute. (Int +4)
You are somewhat resistant to further mutation.
[You are clumsy. (Dex -2)]


Message History

Louise gestures at you while chanting. The stone arrow misses you.
Drink which item? (? for menu, Esc to quit)
Okay, then.
Use which ability? (? or * to list)
Your stone giant goes berserk!
You feel somewhat more hungry.
Louise zaps a wand.
Louise flickers and vanishes!
Deactivating autopickup; reactivate with Ctrl-A.
You slice something!!
You hear some strange, mumbled words.
Your stone giant rages.
Your stone giant rages.
Your stone giant rages.
Your stone giant rages.
Your stone giant resists with almost no effort.
You hear some strange, mumbled words.
A bolt of lightning appears from out of thin air!
The bolt of lightning hits you!
You die...

################
#..............#####
#........./.....C..#
'....##.......##@..#
#...####.....####..#
#(.## ##...## #.#
#..## ###'### .#
##..####.....# .#
#>(..##.#...#.# #
#.(..)#.......#
##...)).).∩...+
......#.......#


You could see a friendly stone giant (berserk).

Vanquished Creatures
  Saint Roka (Orc:4)
  A bone dragon (Abyss:1)
  Rupert (Lair:5)
  An Executioner (Abyss:1)
  A tentacled starspawn (Abyss:1)
  Frances (D:13)
  Kirke (Lair:8)
  A revenant (Abyss:1)
  Maud (D:11)
  An orc warlord (Orc:4)
  A draconian annihilator (Abyss:1)
  A stone giant (Orc:4)
  The ghost of max the Cleaver, a powerful MiBe of Trog (D:12)
  Nessos (Orc:3)
  A deep elf demonologist (Abyss:1)
  Azrael (D:13)
  A yellow draconian (Abyss:1)
  Snorg (Orc:3)
  4 vault guards (D:14)
  Josephine (D:12)
  The ghost of Xenophilius the Thaumaturge, a powerful DEWz of Makhleb (Lair:6)
  2 ice dragons (IceCv)
  Fannar (Lair:2)
  Harold (D:11)
  A naga warrior (Snake:1)
  A rakshasa (Abyss:1)
  11 hydras
  2 ogre magi
  11 death yaks
  3 anacondas (Snake:1)
  4 dancing weapons (Elf:1)
  6 orc high priests (Orc:4)
  2 centaur warriors
  2 tengu warriors (D:14)
  Sonja (Orc:3)
  7 deep elf knights (Elf:1)
  A wretched star (Abyss:1)
  2 unseen horrors
  2 spatial maelstroms (Abyss:1)
  A flayed ghost (D:13)
  5 deep elf summoners (Elf:1)
  A golden dragon zombie (Abyss:1)
  2 ice statues (IceCv)
  Pikel (D:7)
  3 mana vipers (Snake:1)
  A naga ritualist (Snake:1)
  A necromancer (Abyss:1)
  2 orc knights (Orc:4)
  7 hill giants
  A wolf spider zombie (D:14)
  A griffon (D:14)
  12 ugly things
  13 deep elf conjurers (Elf:1)
  2 cyclopes (D:14)
  6 orc sorcerers
  2 sixfirhies (Abyss:1)
  A worldbinder (Abyss:1)
  2 toenail golems (Volcano)
  Maurice (D:12)
  10 elephants
  A rust devil (Abyss:1)
  3 gargoyles
  3 molten gargoyles (Volcano)
  18 black mambas
  13 spiny frogs
  Psyche (D:8)
  A naga mage (Snake:1)
  A black mamba (shapeshifter) (Elf:1)
  A torpor snail (Lair:8)
  An orange demon (Abyss:1)
  2 apocalypse crabs (Abyss:1)
  11 komodo dragons
  4 kobold demonologists
  2 spriggan druids (Lair:8)
  2 ancient zymes (Abyss:1)
  A fire drake (Lair:4)
  4 trolls
  A harpy zombie (Abyss:1)
  10 polar bears
  6 deep elf priests (Elf:1)
  8 raiju (Abyss:1)
  5 two-headed ogres
  22 blink frogs
  4 starcursed masses (Abyss:1)
  8 spriggans (Lair:8)
  An ice dragon skeleton (Abyss:1)
  A trapdoor spider (D:13)
  2 wyverns
  10 deep elf magi
  A human (D:11)
  3 shadows (D:13)
  4 flying skulls (Abyss:1)
  3 fire elementals (D:13)
  9 fire bats
  7 large abominations (Abyss:1)
  2 ynoxinuls (Abyss:1)
  2 redbacks (Lair:8)
  5 hogs
  Eustachio (D:6)
  A fire dragon skeleton (Abyss:1)
  10 wraiths
  51 yaks
  3 neqoxecs (Abyss:1)
  4 chaos spawn (Abyss:1)
  A hungry ghost (D:9)
  3 vampire mosquitoes (D:13)
  6 basilisks
  14 deep elf fighters (Elf:1)
  6 hippogriffs
  Menkaure (D:7)
  39 wolves
  3 spatial vortices (Abyss:1)
  Edmund (D:5)
  A soldier ant (D:13)
  6 wargs
  15 water moccasins
  19 porcupines
  Duvessa (D:6)
  An ice dragon simulacrum (Abyss:1)
  46 orc warriors
  4 sky beasts
  6 black bears
  3 phantoms
  2 necrophages
  18 ice beasts
  3 slaves (D:7)
  2 hell hounds (D:13)
  4 wasps
  22 ogres
  17 centaurs
  3 big kobolds
  A brain worm (D:14)
  An earth elemental (Volcano)
  A gnoll sergeant (D:6)
  13 crocodiles
  19 giant frogs
  Dowan (D:6)
  6 killer bees (D:9)
  11 scorpions
  A water moccasin skeleton (D:8)
  8 wights
  9 small abominations (Abyss:1)
  2 electric eels (Lair:5)
  3 quasits
  3 crimson imps
  2 giant frog zombies
  3 lava snakes (Volcano)
  4 hounds
  A jelly (D:12)
  A human zombie (Ossuary)
  42 orc priests
  3 giant frog skeletons
  Crazy Yiuf (D:5)
  5 centaur skeletons
  7 iguanas
  4 centaur zombies
  Terence (D:2)
  34 orc wizards
  26 sheep
  3 worker ants
  3 big kobold zombies (Ossuary)
  A hound zombie (D:10)
  4 mummies
  2 hound skeletons
  A worker ant zombie (D:11)
  4 gnolls
  64 river rats
  4 scorpion zombies (Ossuary)
  14 adders
  4 shadow imps
  A white imp (Abyss:1)
  An ufetubus (Abyss:1)
  An ooze (D:5)
  4 adder skeletons
  2 worms (D:2)
  6 giant geckos
  291 orcs
  16 bats
  4 giant cockroaches
  5 goblins
  5 hobgoblins
  20 jackals
  17 kobolds
  4 quokkas
  5 ball pythons
  A ball python skeleton (D:4)
  3 giant newts
  2 gnoll zombies (Ossuary)
  2 goblin zombies (D:4)
  2 hobgoblin zombies (Ossuary)
  2 orc zombies (Ossuary)
  A quokka skeleton (D:6)
  A quokka zombie (D:7)
  7 rats
  4 fungi
  A lurking horror (Abyss:1)
  9 plants
1393 creatures vanquished.

Vanquished Creatures (collateral kills)
  6 death yaks (Lair:7)
  An orc knight (Orc:4)
  4 elephants (Lair:8)
  A blink frog (Lair:4)
  A deep elf mage (Elf:1)
  2 deep elf fighters (Elf:1)
  2 orc warriors (Orc:4)
17 creatures vanquished.

Vanquished Creatures (others)
  A deep elf knight (Elf:1)
  A deep elf mage (Elf:1)
  A slave (D:7)
  A centaur (D:13)
  A worker ant (D:13)
  26 fungi
  28 plants
  2 starspawn tentacles (Abyss:1)
61 creatures vanquished.

Grand Total: 1471 creatures vanquished

Notes
Turn   | Place    | Note
--------------------------------------------------------------
     0 | D:1      | Leibowitz the Minotaur Berserker began the quest for the Orb.
     0 | D:1      | Reached XP level 1. HP: 19/19 MP: 0/0
     2 | D:1      | Noticed an electric eel
    61 | D:1      | Reached skill level 4 in Axes
   338 | D:1      | Reached XP level 2. HP: 27/27 MP: 1/1
   662 | D:1      | Found a glowing golden altar of the Shining One.
   793 | D:2      | Acquired Trog's second power
   995 | D:2      | Reached XP level 3. HP: 33/33 MP: 2/2
  1005 | D:2      | Found a faded altar to an unknown god.
  1008 | D:2      | Noticed Terence
  1023 | D:2      | Killed Terence
  1273 | D:2      | Reached XP level 4. HP: 38/40 MP: 3/3
  1896 | D:3      | Reached skill level 5 in Axes
  1896 | D:3      | Reached XP level 5. HP: 33/47 MP: 4/4
  2028 | D:3      | Upgraded the game from 0.17-a0-1719-g1afd5a1 to 0.17-a0-1738-g82cdc46
  2258 | D:4      | Found a sand-covered staircase.
  2292 | Ossuary  | Entered an ossuary
  2362 | Ossuary  | Reached skill level 5 in Fighting
  2495 | Ossuary  | Reached XP level 6. HP: 37/56 MP: 5/5
  2698 | Ossuary  | Reached skill level 6 in Axes
  2787 | Ossuary  | Reached XP level 7. HP: 46/62 MP: 6/6
  2904 | Ossuary  | Reached skill level 7 in Axes
  3218 | D:4      | Gained mutation: Your mind is acute. (Int +2) [potion of mutation]
  3218 | D:4      | Gained mutation: Your mind is very acute. (Int +4) [potion of mutation]
  3469 | D:4      | Reached skill level 1 in Stealth
  3673 | D:5      | Entered Level 5 of the Dungeon
  3697 | D:5      | Acquired Trog's third power
  3779 | D:5      | Noticed Edmund
  3793 | D:5      | Killed Edmund
  3793 | D:5      | Reached skill level 8 in Axes
  3793 | D:5      | Reached skill level 5 in Armour
  3793 | D:5      | Reached skill level 5 in Dodging
  3793 | D:5      | Reached XP level 8. HP: 61/71 MP: 7/7
  4058 | D:5      | Found a deep blue altar of Sif Muna.
  4318 | D:5      | Noticed Crazy Yiuf
  4328 | D:5      | Killed Crazy Yiuf
  4493 | D:6      | Noticed Eustachio
  4519 | D:6      | Killed Eustachio
  4544 | D:6      | Reached skill level 1 in Shields
  4547 | D:6      | Noticed Dowan
  4548 | D:6      | Noticed Duvessa
  4557 | D:6      | Killed Duvessa
  4568 | D:6      | Reached skill level 9 in Axes
  4573 | D:6      | Killed Dowan
  5150 | D:6      | Reached XP level 9. HP: 45/79 MP: 8/8
  5352 | D:6      | Found a staircase to the Ecumenical Temple.
  5361 | Temple   | Entered the Ecumenical Temple
  5516 | D:6      | Found a stormy altar of Qazlal.
  5519 | D:6      | Found a sparkling altar of Nemelex Xobeh.
  5522 | D:6      | Found a glowing silver altar of Zin.
  5757 | D:7      | Noticed Menkaure
  5765 | D:7      | Killed Menkaure
  6016 | D:7      | Noticed Pikel
  6044 | D:7      | Killed Pikel
  6044 | D:7      | Reached skill level 10 in Axes
  6912 | D:8      | Reached skill level 11 in Axes
  6953 | D:8      | Noticed Psyche
  6965 | D:8      | Killed Psyche
  6965 | D:8      | Reached XP level 10. HP: 85/90 MP: 9/9
  7051 | D:8      | Received a gift from Trog
  7464 | D:9      | Noticed a centaur warrior
  7485 | D:9      | Killed a centaur warrior
  7485 | D:9      | Reached skill level 12 in Axes
  7901 | D:10     | Entered Level 10 of the Dungeon
  7933 | D:10     | Noticed a hill giant
  7943 | D:10     | Killed a hill giant
  7943 | D:10     | Reached skill level 10 in Fighting
  7991 | D:10     | Found a staircase to the Lair.
  8045 | D:10     | Noticed an unseen horror
  8050 | D:10     | Killed an unseen horror
  8050 | D:10     | Reached XP level 11. HP: 88/101 MP: 10/10
  8199 | D:10     | Reached skill level 13 in Axes
  8256 | D:10     | Received a gift from Trog
  8261 | D:10     | Got an ancient broad axe {god gift}
  8262 | D:10     | Identified the +12 broad axe "Seneesume" {vamp, Int+2} (Trog gifted it to you on level 10 of the Dungeon)
  8412 | D:10     | Noticed a hill giant
  8421 | D:10     | Killed a hill giant
  8445 | D:10     | Noticed a hill giant
  8453 | D:10     | Killed a hill giant
  8571 | D:10     | Gained mutation: Your skin changes colour to match your surroundings (Stealth). [potion of beneficial mutation]
  8572 | D:10     | Gained mutation: You are somewhat resistant to further mutation. [potion of beneficial mutation]
  8722 | D:10     | Noticed a hill giant
  8728 | D:10     | Killed a hill giant
  9084 | Lair:1   | Entered Level 1 of the Lair of Beasts
  9363 | Lair:1   | Found a dark tunnel.
  9368 | Volcano  | Entered a volcano
  9446 | Volcano  | Found a radiant altar of Vehumet.
  9456 | Volcano  | Reached skill level 5 in Shields
  9460 | Volcano  | Reached skill level 10 in Armour
  9598 | Volcano  | Reached skill level 14 in Axes
  9966 | Lair:1   | Reached XP level 12. HP: 110/110 MP: 11/11
 10382 | Lair:2   | Noticed a five-headed hydra
 10403 | Lair:2   | Killed a two-headed hydra
 10407 | Lair:2   | Received a gift from Trog
 10544 | Lair:2   | Noticed Fannar
 10564 | Lair:2   | Killed Fannar
 11059 | Lair:3   | Reached skill level 15 in Axes
 11094 | Lair:3   | Upgraded the game from 0.17-a0-1738-g82cdc46 to 0.17-a0-1746-g6987275
 12278 | Lair:3   | Received a gift from Trog
 12495 | Lair:3   | Identified a scroll of acquirement
 12779 | Lair:3   | Reached skill level 16 in Axes
 12958 | Lair:4   | Reached XP level 13. HP: 71/119 MP: 12/12
 14014 | Lair:5   | Found a staircase to the Swamp.
 14366 | Lair:5   | Noticed Rupert
 14380 | Lair:5   | Killed Rupert
 14380 | Lair:5   | Reached skill level 17 in Axes
 14420 | Lair:5   | Received a gift from Trog
 14420 | Lair:5   | Reached skill level 1 in Polearms
 14865 | Lair:6   | Noticed Xenophilius's ghost (powerful DEWz)
 14891 | Lair:6   | Killed Xenophilius's ghost
 14956 | Lair:6   | Found a staircase to the Slime Pits.
 15262 | Lair:6   | Found a staircase to the Snake Pit.
 15628 | Lair:6   | Reached skill level 18 in Axes
 15693 | Lair:6   | Received a gift from Trog
 16153 | Lair:6   | Reached XP level 14. HP: 114/130 MP: 13/13
 17487 | Lair:8   | Entered Level 8 of the Lair of Beasts
 17505 | Lair:8   | Received a gift from Trog
 17511 | Lair:8   | Found a frozen archway.
 17523 | Lair:8   | Reached skill level 19 in Axes
 17529 | IceCv    | Entered an ice cave
 18226 | Lair:8   | Received a gift from Trog
 18295 | Lair:8   | Noticed Kirke
 18902 | Lair:8   | Received a gift from Trog
 18902 | Lair:8   | Reached skill level 20 in Axes
 19567 | Lair:8   | Reached XP level 15. HP: 121/139 MP: 14/14
 19779 | Lair:8   | Killed Kirke
 20143 | D:11     | Noticed Maud
 20150 | D:11     | Killed Maud
 20495 | D:11     | Received a gift from Trog
 20843 | D:11     | Noticed Harold
 20850 | D:11     | Killed Harold
 20897 | D:11     | Found a staircase to the Orcish Mines.
 21019 | D:11     | Reached skill level 15 in Fighting
 21430 | Orc:1    | Entered Level 1 of the Orcish Mines
 21464 | Orc:1    | Found Ifipt's Food Emporium.
 21662 | Orc:2    | Received a gift from Trog
 21885 | Orc:1    | Found a roughly hewn altar of Beogh.
 22035 | Orc:2    | Received a gift from Trog
 22211 | Orc:3    | Found a staircase to the Elven Halls.
 22247 | Orc:3    | Noticed Snorg
 22254 | Orc:3    | Killed Snorg
 22296 | Orc:3    | Reached skill level 21 in Axes
 22368 | Orc:3    | Noticed Nessos
 22772 | Orc:3    | You fall through a shaft!
 22772 | Orc:4    | Entered Level 4 of the Orcish Mines
 22858 | Orc:4    | Found a roughly hewn altar of Beogh.
 23051 | Orc:4    | Received a gift from Trog
 23070 | Orc:4    | Got a smoking battleaxe {god gift}
 23071 | Orc:4    | Identified the +5 battleaxe "Useidegi" {flame, rF+++ rC- Int+4 Dex+2} (Trog gifted it to you on level 4 of the Orcish Mines)
 23181 | Orc:4    | Found Huzoj Ruicku's Jewellery Emporium.
 23192 | Orc:4    | Found Diebrama's Book Shoppe.
 23381 | Orc:4    | Received a gift from Trog
 23523 | Orc:4    | Noticed Saint Roka
 23551 | Orc:4    | Killed Saint Roka
 23723 | Orc:4    | Reached skill level 10 in Dodging
 23730 | Orc:4    | Received a gift from Trog
 23914 | Orc:4    | Found Neicoceukh's General Store.
 23951 | Orc:4    | Found a roughly hewn altar of Beogh.
 23969 | Orc:4    | Found Dypakhla's Distillery.
 23999 | Orc:4    | Bought a potion of ambrosia for 120 gold pieces
 24025 | Orc:4    | Received a gift from Trog
 24806 | Orc:4    | Received a gift from Trog
 25144 | Orc:3    | Found Cofad's General Store.
 25144 | Orc:3    | Noticed Sonja
 25249 | Orc:3    | Killed Nessos
 25470 | Orc:3    | Killed Sonja
 25516 | Orc:3    | Found a roughly hewn altar of Beogh.
 25592 | Orc:3    | Received a gift from Trog
 25595 | Orc:3    | Got a jewelled broad axe {god gift}
 25596 | Orc:3    | Identified the +2 broad axe "Duod" {elec, Int+3} (Trog gifted it to you on level 3 of the Orcish Mines)
 25617 | Elf:1    | Entered Level 1 of the Elven Halls
 25628 | Elf:1    | Reached XP level 16. HP: 147/149 MP: 15/15
 25712 | Elf:1    | Reached skill level 22 in Axes
 26374 | Elf:1    | Received a gift from Trog
 27392 | Elf:1    | Received a gift from Trog
 27893 | Snake:1  | Entered Level 1 of the Snake Pit
 27899 | Snake:1  | Found a basalt altar of Yredelemnul.
 28219 | Snake:1  | Received a gift from Trog
 28754 | D:12     | Noticed Josephine
 28759 | D:12     | Killed Josephine
 28769 | D:12     | Reached skill level 23 in Axes
 28881 | D:12     | Noticed max's ghost (powerful MiBe)
 28893 | D:12     | Killed max's ghost
 29063 | D:12     | Noticed Maurice
 29069 | D:12     | Killed Maurice
 29298 | D:12     | Got a jewelled leather armour
 29309 | D:12     | Identified the +2 leather armour "Budit" {MR+} (You found it on level 12 of the Dungeon)
 29417 | D:13     | Noticed Azrael
 29417 | D:13     | Received a gift from Trog
 29443 | D:13     | Killed Azrael
 29734 | D:13     | Noticed Frances
 29741 | D:13     | Killed Frances
 29854 | D:13     | Found a portal to a secret trove of treasure.
 30046 | D:13     | Found a glowing golden altar of the Shining One.
 30067 | D:13     | Found a sparkling altar of Nemelex Xobeh.
 30074 | D:13     | Found a runed door.
 30077 | D:13     | Found a burning altar of Makhleb.
 30111 | D:13     | Found a glowing silver altar of Zin.
 30135 | D:13     | Found a shadowy altar of Dithmenos.
 30144 | D:13     | Found a shattered altar of Ashenzari.
 30293 | D:13     | Got a steaming marble ring
 30296 | D:13     | Identified Sif Muna's Disquisition on Attacks
 30300 | D:13     | Identified the ring of the Forgotten Spirits {rN+ Dex+2 Stlth-} (You found it on level 13 of the Dungeon)
 30400 | D:14     | Reached XP level 17. HP: 87/159 MP: 16/16
 30838 | D:14     | Found Sowihas's Book Shop.
 30977 | D:14     | Reached skill level 15 in Armour
 31103 | D:14     | Found a gate to the Vaults.
 31112 | D:14     | Received a gift from Trog
 31166 | D:14     | Noticed Louise
 31188 | D:14     | Cast into the Abyss (Louise)
 31344 | Abyss:1  | Found a corrupted altar of Lugonu.
 31902 | Abyss:1  | Reached skill level 24 in Axes
 31923 | Abyss:1  | Found a deep blue altar of Sif Muna.
 32047 | Abyss:1  | Found a deep blue altar of Sif Muna.
 32056 | Abyss:1  | Found a deep blue altar of Sif Muna.
 32118 | Abyss:1  | Received a gift from Trog
 32159 | Abyss:1  | Found a deep blue altar of Sif Muna.
 32171 | Abyss:1  | Noticed a bone dragon
 32181 | Abyss:1  | Killed a bone dragon
 32223 | Abyss:1  | Paralysed by you for 3 turns
 32365 | Abyss:1  | Noticed a profane servitor
 32379 | Abyss:1  | HP: 3/160 [profane servitor/enchanted demon whip (18)]
 32408 | Abyss:1  | Found a corrupted altar of Lugonu.
 32414 | D:14     | Escaped the Abyss
 32426 | D:14     | Killed from afar by Louise

Vault maps used:
D:1:      arrival_aquarium_a, serial_park_tiny_1, tso_altar
D:2:      ecumenical_altar_2, first_bread, uniq_terence
D:4:      nicolae_ossuary_entry_giza, cheibrodos_gnoll_hut
D:5:      supply_closet_lemuel, tgw_sif, uniq_crazy_yiuf_cottage, uniq_edmund
D:6:      grunt_temple_overflow_diamond, minmay_temple_entry_statues_pillars,
          uniq_eustachio, uniq_duvessa
D:7:      uniq_menkaure, uniq_pikel
D:8:      uniq_psyche
D:10:     minmay_lair_entry_grove
D:11:     minmay_imperfect_grid, grunt_livestock, uniq_harold, uniq_maud
D:12:     uniq_maurice, uniq_josephine
D:13:     due_megacathedral, enter_trove_1, uniq_azrael, uniq_frances
D:14:     lightli_vaults_fourway_checkpoint, serial_shops, shop,
          serial_park_tiny_1, uniq_louise
Temple:   lightli_temple_of_artemis
Lair:1:   enter_volcano_4
Lair:2:   serial_bayou_shore_b, uniq_fannar
Lair:3:   minivault_25, grunt_megastairs_2, infiniplex_staircase_pool_2
Lair:4:   infiniplex_staircase_pool
Lair:5:   minmay_swamp_entry_eels, st_stairs_4, uniq_rupert
Lair:6:   minmay_snake_entry_six_corridors, minmay_slime_entry_oklob_enclosed,
          minivault_26, serial_bayou_shore_a
Lair:7:   grunt_megastairs_3
Lair:8:   minmay_lair_end_enchanted_forest, portal_ice_cave_entry_pillars_02,
          lemuel_fruit_tree, lemuel_fruit_fields, lemuel_fruit_fields,
          serial_bayou_shore_b, uniq_kirke
Snake:1:  basic_altar
Orc:1:    serial_shops, shop, basic_altar
Orc:3:    serial_shops, nicolae_shop_waterfront, nicolae_orc_pool_cavern,
          nicolae_orc_lost_temple, uniq_nessos, uniq_sonja, uniq_snorg
Orc:4:    pubby_orc_utopia
Elf:1:    eino_elf_arrival_customs, hangedman_elven_crosses_minicolossus,
          corexii_leaking_fountain, nrook_loot_triangle, nicolae_elf_w_pinch
Ossuary:  ossuary_minmay_scorpions
IceCv:    ice_cave_small_dragons
Volcano:  volcano_grotto

Action                   |  1- 3 |  4- 6 |  7- 9 | 10-12 | 13-15 | 16-18 || total
-------------------------+-------+-------+-------+-------+-------+-------++-------
Melee: Hand axe          |    28 |       |       |       |       |       ||    28
       War axe           |    34 |   139 |   268 |    13 |       |       ||   454
       Battleaxe         |       |       |    73 |       |       |     3 ||    76
       Executioner's axe |       |       |       |   286 |  1095 |   705 ||  2086
       Broad axe         |       |       |       |   144 |       |       ||   144
       Halberd           |       |       |       |     6 |    30 |       ||    36
       Unarmed           |       |       |       |       |     9 |       ||     9
 Fire: Blowgun           |       |       |       |     5 |     2 |       ||     7
Throw: Javelin           |       |       |       |       |    14 |       ||    14
       Throwing net      |       |       |       |       |     1 |     1 ||     2
Invok: Berserk           |     1 |       |     2 |     2 |     2 |       ||     7
       Burn Spellbooks   |       |       |       |     2 |       |     3 ||     5
       Trog's Hand       |       |       |       |     1 |     3 |     1 ||     5
       Brothers in Arms  |       |       |       |     1 |     3 |     2 ||     6
Evoke: Wand              |       |       |       |       |     3 |       ||     3
  Use: Scroll            |       |     2 |    10 |     5 |     7 |     5 ||    29
       Potion            |       |       |    14 |     5 |     3 |     3 ||    25
 Stab: Invisible         |       |       |     2 |       |       |       ||     2
       Paralysed         |       |       |       |       |     1 |       ||     1
       Held in net/web   |       |       |       |       |       |     1 ||     1
       Distracted        |       |       |       |       |       |     1 ||     1
  Eat: Chunk             |     2 |     3 |    13 |    19 |    46 |    17 ||   100
       Bread ration      |       |     1 |       |       |       |       ||     1
       Pizza             |       |       |     1 |     1 |       |       ||     2
       Meat ration       |       |       |       |     1 |       |     1 ||     2
       Fruit             |       |       |       |     1 |       |       ||     1
       Beef jerky        |       |       |       |       |       |     1 ||     1
